 Dungeon Crawl Stone Soup version 0.30-a0-219-gf2db51d15e (webtiles) character file.

Game seed: 11752878230327933397

125 Morbidden the Trooper (level 5, -2/49 HPs)
             Began as a Naga Fighter on Oct 7, 2022.
             Splashed by a jelly's acid (9 damage)
             ... on level 4 of the Dungeon.
             The game lasted 00:02:30 (1979 turns).

Morbidden the Trooper (Naga Fighter)                Turns: 1979, Time: 00:02:31

Health: -2/49      AC: -6    Str: 20      XL:     5   Next: 9%
Magic:  6/6        EV:  7    Int:  6 (9)  God:
Gold:   84         SH:  4    Dex:  7 (10) Spells: 6/6 levels left

rFire   . . .      SeeInvis +    a - +0 trident
rCold   + . .      Faith    .    c - +0 buckler
rNeg    . . .      Spirit   .    b - +0 scale mail
rPois   +          Reflect  .    (no helmet)
rElec   .          Harm     .    (no cloak)
rCorr   .          Rampage  .    (no gloves)
Will    .....                    (no barding)
Stlth   ..........               (no amulet)
HPRegen 0.28/turn                h - ring of protection from cold
MPRegen 0.10/turn                m - ring of wizardry

@: corroded, very slow
A: AC +1, large, see invisible, deformed body, poison resistance, slowness 2,
spit poison 1, naga tail 1
a: Spit Poison


You were on level 4 of the Dungeon.
You visited 1 branch of the dungeon, and saw 3 of its levels.

You collected 84 gold pieces.

Inventory:

Hand Weapons
 a - a +0 trident (weapon)
Armour
 b - a +0 scale mail (worn)
 c - a +0 buckler (worn)
 n - a +1 hat
Jewellery
 f - an amulet of faith
 h - a ring of protection from cold (left hand)
 m - a ring of wizardry (right hand)
Scrolls
 e - a scroll of acquirement {unknown}
 g - a scroll of teleportation {unknown}
 i - a scroll of fog {unknown}
 j - 2 scrolls of noise {unknown}
 k - a scroll of amnesia {unknown}
 l - a scroll of fear {unknown}
Potions
 d - 3 potions of might


   Skills:
 * Level 3.5 Fighting
 * Level 2.8 Polearms
 * Level 3.2 Armour
 * Level 0.8 Dodging
 * Level 3.1 Shields
 * Level 1.0 Spellcasting


You had 6 spell levels left.
You didn't know any spells.
Your spell library contained the following spells:

 Spells                   Type           Power      Damage    Failure   Level
 Foxfire                  Conj/Fire      0%         2x1d4     52%         1
 Sting                    Tmut/Pois      0%         1d3       52%         1
 Fireball                 Conj/Fire      0%         3d3       100%        5
 Starburst                Conj/Fire      0%         6d3       100%        6


Dungeon Overview and Level Annotations

Branches:
Dungeon (2/15)

Altars:
Xom

Shops:
D:2 [


Innate Abilities, Weirdness & Mutations

Your serpentine skin is tough. (AC +1)
You have supernaturally acute eyesight. (SInv)
Armour fits poorly on your strangely shaped body.
Your system is resistant to poisons. (rPois)
You cover ground very slowly.
You can spit poison.
You have a snake-like lower body.


Message History

j - 2 scrolls labelled ICOREG XECATH (gained 1)
A jelly comes into view.
A jelly is nearby!
A jelly is nearby!
The jelly quivers.
Aiming: Spit Poison (1% risk of failure)
Press: ? - help, Shift-Dir - straight line, f - jelly
Aim: a jelly (100% to hit)
The splash of poison hits the jelly.
The jelly is lightly wounded.
Unknown command.
You have got your breath back.
The jelly hits you. The acid corrodes you!
You are splashed with acid!
You hit the jelly but do no damage.
Your hands burn!
The jelly is lightly wounded.
The jelly barely misses you.
You puncture the jelly! The acid corrodes you!
Your hands burn!
The jelly is severely wounded.
The jelly hits you. The acid corrodes you!
You are splashed with acid!
You are too injured to fight recklessly!
Unknown command.
You are too injured to fight recklessly!
You are too injured to fight recklessly!
Unknown command.
You are too injured to fight recklessly!
Unknown command.
You are too injured to fight recklessly!
You hit the jelly but do no damage.
Your hands burn!
The jelly is severely wounded.
The jelly hits you. The acid corrodes you!
You are splashed with acid.
* * * LOW HITPOINT WARNING * * *
Unknown command.
Unknown command.
You hit the jelly.
Your hands burn!
* * * LOW HITPOINT WARNING * * *
The jelly is almost dead.
The jelly barely misses you. The jelly hits you.
* * * LOW HITPOINT WARNING * * *
You are splashed with acid!
You die...

#### ##..##
##....## ##......##
#...@....## #.
#....J.....## ..
##..........## ##..
##..........## #...
##..........## #>..
##..........####...
##................
..................
#########...####...


You could see a jelly.

Vanquished Creatures
  A scorpion (D:4)
  An adder (D:2)
  2 dart slugs
  An orc (D:4)
  3 ball pythons
  2 endoplasms
  4 giant cockroaches
  2 goblins
  3 hobgoblins
  9 jackals
  6 kobolds
  3 quokkas
  4 bats
  A frilled lizard (D:2)
  2 rats (D:1)
44 creatures vanquished.

Notes
Turn   | Place    | Note
-------+----------+-------------------------------------------
     0 | D:1      | Morbidden the Naga Fighter began the quest for the Orb.
     0 | D:1      | Reached XP level 1. HP: 21/21 MP: 1/1
   122 | D:1      | Reached XP level 2. HP: 28/28 MP: 2/2
   611 | D:1      | Reached XP level 3. HP: 34/34 MP: 3/3
  1072 | D:2      | Found Urotzeaph's Antique Armour Emporium.
  1088 | D:2      | Found a faded altar of an unknown god.
  1094 | D:2      | Got Plato's Atlas of Poisoning
  1303 | D:2      | Found a shimmering altar of Xom.
  1681 | D:2      | You fall into a shaft and drop 2 floors!
  1716 | D:4      | Reached XP level 4. HP: 9/42 MP: 3/5
  1725 | D:4      | HP: 2/42 [jackal (2)]
  1901 | D:4      | Identified the +3 rapier of Kismet {vorpal, Int+3}
  1926 | D:4      | Noticed a scorpion
  1936 | D:4      | Killed a scorpion
  1937 | D:4      | Reached skill level 1 in Spellcasting
  1937 | D:4      | Reached XP level 5. HP: 42/49 MP: 6/6
  1979 | D:4      | Splashed by a jelly's acid

Illustrated notes

Levels and vault maps discovered:
D:1:      dpeg_arrival_court, layout_loops_ring, hangedman_abyss_or_decor_stabs
D:2:      layout_basic, basic_altar, serial_shops, shop,
          shapermc_ecumenical_altar_rom_forum
D:4:      layout_cave_pods

Skill      XL: |  1  2  3  4 |
---------------+-------------+-----
Shields        | 3 |  3.1
Armour         | 3 |  3.2
Spellcasting   | 1 |  1.0
Fighting       | |  3.5
Polearms       | |  2.8
Dodging        | |  0.8

Action                   |  1- 3 |  4- 6 || total
-------------------------+-------+-------++-------
Melee: Trident           |   145 |    22 ||   167
 Abil: Spit Poison       |     1 |     4 ||     5
  Use: Potion            |     2 |       ||     2
Armor: Scale mail        |    86 |     9 ||    95
Dodge: Dodged            |    82 |     4 ||    86
Block: Buckler           |    35 |     3 ||    38

Table legend: (Time is in decaauts)
 A = Elapsed time spent in this place.
 B = Non-inter-level travel time spent in this place.
 C = Inter-level travel time spent in this place.
 D = Time resting spent in this place.
 E = Time spent auto-exploring this place.
 F = Levels seen in this place.
 G = Mean time per level.
                   A        B        C        D        E       F      G
               +--------+--------+--------+--------+--------+-----+--------+
         Total |   2525 |   2453 |     72 |    338 |   1688 |   3 |  841.7 |
       Dungeon |   2525 |   2453 |     72 |    338 |   1688 |   3 |  841.7 |
               +--------+--------+--------+--------+--------+-----+--------+

Top non-repeatable levels by time:
     D:1: 1351 daAuts
     D:2: 838 daAuts
     D:4: 335 daAuts
